AoeStats
← Kevin FZ3252

Arena

507435508Analyzed
4v4 RM · 12d ago on Sep 18, 2026· 68m 13s· 8 players
Game mode
Random Map
Map size
Large (8 player)
Population
200
Speed
Normal
Resources
Standard
Victory
Conquest
Starting age
Dark Age
Ending age
Imperial Age
RankedLock teamsTeams togetherTeam positionsShared explorationLock speedFull tech treeHidden civsTurbo modeCheats
Victory
Defeat
🇮🇱 Armenians · Israel
876
+11
🇲🇽 Spanish · Mexico
861
+12
🇨🇳 Magyars · China
667
+20
🇨🇳 Khmer · China
568
+24
🇲🇾 Malay · Malaysia
824
-19
🇪🇸 Celts · Spain
748
-16
🇮🇳 Khmer · India
741
-16
🇺🇸 Franks · United States
738
-16
neville_longbottom
8:15 Loom
13:39 Feudal Age
14:54 Horse Collar
15:03 Double-Bit Axe
17:30 Wheelbarrow
20:29 Castle Age
21:56 Gold Mining
22:00 Stone Mining
31:05 Imperial Age
31:09 Gold Shaft Mining
31:10 Stone Shaft Mining
32:03 Fortified Wall
33:41 Onager
34:32 Murder Holes
36:08 Ballistics
41:04 Town Watch
41:31 Heavy Plow
44:43 Heated Shot
45:55 Chemistry
44:58 Double Crossbow
45:20 Conscription
45:33 Hand Cart
45:19 Town Patrol
47:11 Husbandry
47:22 Bloodlines
47:06 Elite Battle Elephant
49:09 Bow Saw
49:32 Crop Rotation
49:51 Tusk Swords
50:33 Masonry
50:15 Guard Tower
49:49 Crossbowman
52:28 Pikeman
52:54 Arson
53:12 Scale Mail Armor
53:23 Forging
53:19 Scale Barding Armor
53:01 Halberdier
56:10 Chain Mail Armor
56:16 Chain Barding Armor
60:19 Elite Ballista Elephant
67:44 Hoardings
66:39 Sappers
Kevin FZ3252
10:18 Feudal Age
14:50 Castle Age
14:47 Double-Bit Axe
23:24 Bow Saw
23:57 Gold Mining
24:31 Forging
24:28 Scale Barding Armor
26:23 Wheelbarrow
26:44 Gold Shaft Mining
26:06 Stone Mining
29:07 Husbandry
31:45 Imperial Age
29:33 Hand Cart
31:47 Cavalier
32:37 Caravan
33:07 Chain Barding Armor
34:35 Elite Throwing Axeman
37:43 #83
37:45 Conscription
37:00 Paladin
38:21 Plate Barding Armor
38:22 Iron Casting
37:50 Padded Archer Armor
37:40 Fletching
40:01 Capped Ram
41:53 Onager
43:40 Scale Mail Armor
44:41 Blast Furnace
44:01 Leather Archer Armor
43:41 Bodkin Arrow
44:00 Siege Engineers
48:31 Gambesons
48:47 Squires
48:32 Arson
62:45 Pikeman
62:47 Man-at-Arms
Daoiz1802
12:06 Feudal Age
12:33 Double-Bit Axe
20:09 Castle Age
18:27 Gold Mining
18:27 Stone Mining
22:53 Fortified Wall
ijn_king
9:42 Feudal Age
9:17 Double-Bit Axe
9:16 Horse Collar
11:58 Wheelbarrow
17:42 Castle Age
16:55 Stone Mining
16:55 Gold Mining
17:24 Heavy Plow
33:36 Imperial Age
32:42 Hand Cart
33:34 Elite Karambit Warrior
34:14 Fletching
34:25 Padded Archer Armor
34:36 Forging
34:13 Pikeman
34:54 Squires
35:43 Bow Saw
36:11 Stone Shaft Mining
36:12 Gold Shaft Mining
36:12 Crop Rotation
36:49 Bodkin Arrow
37:09 Leather Archer Armor
37:22 Elite Skirmisher
37:49 Elite Karambit Warrior
38:38 Light Cavalry
39:37 Man-at-Arms
40:59 Bracer
41:15 Leather Archer Armor
43:31 Ring Archer Armor
43:36 Iron Casting
43:06 Scale Barding Armor
43:09 Halberdier
48:03 Blast Furnace
50:52 Guilds
58:20 Elite Battle Elephant
61:30 Long Swordsman
Sr.pollo
11:50 Feudal Age
12:28 Loom
12:31 Double-Bit Axe
12:29 Horse Collar
18:01 Castle Age
16:41 Stone Mining
17:05 Fletching
19:25 Heavy Plow
21:18 Bloodlines
28:22 Ballistics
29:39 Wheelbarrow
29:10 Town Watch
29:31 Padded Archer Armor
30:28 Gold Mining
31:02 Leather Archer Armor
31:18 Scale Barding Armor
34:42 Imperial Age
35:03 Forging
36:14 Fortified Wall
38:04 Chemistry
38:25 Chain Barding Armor
38:07 Husbandry
39:05 Cavalier
41:18 Plate Barding Armor
41:24 Conscription
41:30 Paladin
44:28 Iron Casting
44:36 Hand Cart
46:17 Blast Furnace
46:12 Gambesons
46:46 Town Patrol
49:09 Scale Mail Armor
50:36 Chain Mail Armor
58:40 Ring Archer Armor
60:37 Elite Conquistador
61:21 Caravan
Derbish
2:29 Loom
9:51 Feudal Age
19:04 Castle Age
17:13 Double-Bit Axe
17:41 Gold Mining
18:09 Stone Mining
20:37 Fervor
27:13 Caravan
28:33 Horse Collar
29:31 Wheelbarrow
33:46 Imperial Age
32:47 Forging
32:59 Ballistics
33:21 Gold Shaft Mining
33:13 Bow Saw
33:29 Squires
33:14 Gambesons
32:50 Man-at-Arms
35:47 Iron Casting
35:12 Scale Mail Armor
34:40 Long Swordsman
35:44 Fletching
37:29 Blast Furnace
36:40 Heavy Plow
37:18 Conscription
38:15 Devotion
37:39 Two-Handed Swordsman
39:47 Chain Mail Armor
39:23 Fletching
40:25 Fereters
40:43 Champion
42:22 Plate Mail Armor
42:51 Hand Cart
46:25 Chemistry
45:36 Fortified Wall
45:37 Masonry
45:22 Murder Holes
45:26 Bodkin Arrow
45:32 Padded Archer Armor
47:32 Bombard Tower
47:16 Bracer
47:31 Leather Archer Armor
46:57 Pikeman
48:37 Onager
51:42 Capped Ram
52:52 Halberdier
55:36 Hoardings
56:06 Siege Ram
56:55 Town Watch
60:31 Scale Barding Armor
60:57 Ring Archer Armor
63:53 Husbandry
64:04 Bloodlines
63:14 Light Cavalry
65:36 Chain Barding Armor
65:48 Coinage
65:28 Guilds
67:23 Town Patrol
69:07 Banking
不知名南波湾
0:45 Loom
10:41 Feudal Age
11:04 Horse Collar
14:08 Double-Bit Axe
16:40 Gold Mining
19:02 Wheelbarrow
21:37 Stone Mining
24:50 Castle Age
25:59 Hand Cart
26:28 Bow Saw
30:16 Imperial Age
28:55 Stone Shaft Mining
28:56 Gold Shaft Mining
28:31 Heavy Plow
45:13 Town Watch
47:14 Elite Ballista Elephant
61:17 Town Patrol
63:20 Elite Battle Elephant
菜鸟驿站
3:04 Loom
11:58 Feudal Age
13:46 Double-Bit Axe
18:11 Castle Age
18:16 Man-at-Arms
21:23 Bloodlines
30:19 Horse Collar
33:09 Husbandry
38:44 Imperial Age
37:20 Masonry
37:32 Ballistics
37:10 Murder Holes
37:24 Scale Barding Armor
38:49 Corvinian Army
40:33 Chain Barding Armor
42:21 Cavalier
45:02 Heavy Plow
47:21 Wheelbarrow
48:28 Hoardings
48:20 Conscription
48:10 Town Watch
48:27 Gold Mining
48:28 Stone Mining
48:45 Thumb Ring
49:06 Parthian Tactics
52:15 Parthian Tactics
51:11 Heavy Cavalry Archer
52:43 Recurve Bow
54:19 Gold Shaft Mining
53:53 Elite Magyar Huszar
54:38 Fletching
54:49 Padded Archer Armor
61:52 Chemistry
60:58 Siege Engineers
61:12 Leather Archer Armor
60:52 Bodkin Arrow
61:34 Plate Barding Armor
68:05 Bracer
68:36 Ring Archer Armor
Connection lost

Rejoining the realm…

Still unreachable

The connection could not be restored.

Session expired

The server has moved on; the page needs a fresh start.